Description

Yesterday I showed you a 2 Hatch Roach Speed + 1 Missile Timing. Today I show you how to beat it using the Defenders Advantage and Economic Advantage.

He removes 2 Drones of gas after he gets his ling speed and only puts them in against once he saturates his mineral lines.

Snute drones up till ~52 drones with 4 gas and then mass produces Roach to hold.

VOD

https://www.youtube.com/watch?v=k3Lq0aSB-iA

Replay - LiquidSnute v Railgan - Bel'Shir Vestige LE (Void)

Build Order

Get SALT Encoding   

  12  0:00  Drone  
  13  0:12  Overlord  
  13  0:17  Drone  
  14  0:30  Drone x3  
  17  0:52  Hatchery  
  17  0:54  Drone x2  
  17  1:01  Extractor  
  17  1:13  Spawning Pool  
  17  1:16  Drone x2  
  18  1:28  Overlord  
  18  1:39  Drone  
  20  1:59  Queen  
  20  2:01  Metabolic Boost  Pull Drones from Gas
  22  2:05  Queen  
  30  2:32  Zergling x2  
  31  2:37  Zergling x2  
  32  2:45  Zergling x2  
  32  2:48  Overlord  
  32  2:50  Hatchery  
  32  2:54  Baneling Nest  Drones back into Gas
  38  3:14  Overlord, Zergling x2  
  43  3:39  Zergling x2  
  47  3:43  Extractor  
  47  3:46  Evolution Chamber  
  46  3:53  Extractor  
  49  3:56  Lair  
  49  4:00  Roach Warren  
  52  4:16  Overlord  
  56  4:23  Zerg Missile Weapons Level 1  
  57  4:35  Queen, Extractor  
  61  4:49  Roach x5  Nothing but Roaches from here till you are Safe
  71  4:54  Roach x3  
  71  4:58  Glial Reconstitution  
  77  5:02  Roach x2  
  116  6:16  Ravager  
Spawning Tool Build Advisor. Get it on Overwolf

Analysis

The additional hatchery offers more spots for drones on the minerals. You are able to drone up a bit higher while still taking efficient trades versus your opponent thanks to the Defenders Advantage.

Once you held the Attack it's up to you whether you want to drone up and aim for a big punch or immediatly push across the map and finish the game.

Go to:

Details

  • Created by: railgan      
  • Published on: Apr 03, 2017
  • Modified on: Apr 07, 2017
  • Patch: 3.8.0
Show
View Real Time Build Order
Export as new Build Order

Comments (0)

There are no comments. Be the first!

Create an account to comment!